 Dungeon Crawl Stone Soup version 0.30.1 (webtiles) character file.

Game seed: 15868095742431734020

1239 Peloso the Slasher (level 8, -5/70 HPs)
             Began as a Minotaur Fighter on July 2, 2023.
             Was a Believer of Okawaru.
             Slain by an ogre
             ... wielding a +0 giant club
              (18 damage)
             ... on level 5 of the Dungeon.
             The game lasted 00:09:43 (4116 turns).

Peloso the Slasher (Minotaur Fighter)               Turns: 4116, Time: 00:09:44

Health: -5/70      AC:  7    Str: 21    XL:     8   Next: 25%
Magic:  7/7        EV:  6    Int:  5    God:    Okawaru [**....]
Gold:   229        SH: 14    Dex: 12    Spells: 7/7 levels left

rFire   . . .        a - +0 long sword
rCold   . . .        d - +0 tower shield
rNeg    . . .        b - +0 chain mail
rPois   .            c - +1 hat
rElec   .            (no cloak)
rCorr   .            (no gloves)
SInv    .            (no boots)
Will    .....        p - amulet of regeneration Stlth
                     (no ring)
HPRegen 1.11/turn    (no ring)
MPRegen 0.10/turn

%: no passive effects
@: corroded
A: horns 2, retaliatory headbutt
a: Renounce Religion, Heroism


You were on level 5 of the Dungeon.
You worshipped Okawaru.
Okawaru was pleased with you.
You visited 2 branches of the dungeon, and saw 7 of its levels.
You also visited: Sewer.

You collected 229 gold pieces.

Inventory:

Hand Weapons
 a - a +0 long sword (weapon)
Armour
 b - a +0 chain mail (worn)
 c - a +1 hat (worn)
 d - a +0 tower shield (worn)
Jewellery
 p - an amulet of regeneration (around neck)
Scrolls
 e - a scroll of poison {unknown}
 f - 5 scrolls of teleportation
 h - a scroll of torment {unknown}
 i - a scroll of acquirement {unknown}
 k - a scroll of fog
 l - 2 scrolls of amnesia
 m - a scroll of noise {unknown}
 n - 3 scrolls of magic mapping
 o - a scroll of summoning {unknown}
 r - 2 scrolls of vulnerability {unknown}
 s - a scroll of immolation {unknown}
 t - a scroll of enchant weapon {unknown}
 u - a scroll of enchant armour {unknown}
Potions
 g - 2 potions of haste
 j - a potion of brilliance
 q - a potion of mutation {unknown}


   Skills:
 + Level 5.7 Fighting
 + Level 7.5 Long Blades
 + Level 6.5 Armour
 + Level 2.2 Dodging
 + Level 0.2 Stealth
 + Level 6.7 Shields


You had 7 spell levels left.
You didn't know any spells.
Your spell library contained the following spells:

 Spells                   Type           Power      Damage    Failure   Level
 Shock                    Conj/Air       0%         1d3       100%        1
 Slow                     Hex            0%         N/A       100%        1
 Sublimation of Blood     Necr           0%         N/A       100%        2
 Wereblood                Tmut           0%         N/A       100%        2
 Confusing Touch          Hex            0%         N/A       100%        3
 Swiftness                Air            0%         N/A       100%        3
 Vampiric Draining        Necr           0%         2d6       100%        3
 Airstrike                Air            0%         2d(0-16)  100%        4
 Summon Hydra             Summ           Unusable   N/A       N/A         7

Dungeon Overview and Level Annotations

Branches:
Dungeon (6/15)             Temple (1/1) D:4           Sewer (visited)

Altars:
Ashenzari
Cheibriados
Dithmenos
Fedhas
Hepliaklqana
Kikubaaqudgha
Makhleb
Nemelex Xobeh
Okawaru
Qazlal
Ru
Sif Muna
Trog
Uskayaw
Vehumet
Wu Jian
Xom
Zin
The Shining One

Annotations:
D:3 2 runed translucent doors, Peloso's ghost, amateur MiFi


Innate Abilities, Weirdness & Mutations

You have a pair of horns on your head.
You reflexively headbutt those who attack you in melee.


Message History

You barely miss the orc warrior. You headbutt the orc warrior!
The orc warrior is almost dead.
The orc warrior hits you with a +0 dire flail.
You block the orc warrior's attack.
You hit the orc warrior.
You kill the orc warrior!
Okawaru accepts your kill.
Things that are here:
a +0 dire flail; a +0 chain mail; an orc corpse You start resting.
HP restored.
There is a stone staircase leading down here.
You climb downwards.
The jelly hits you but does no damage. The ogre barely misses you.
There is a stone staircase leading up here.
The orc priest looks braver for a moment.
You block the jelly's attack. The ogre hits you with a +0 giant club!
You climb upwards.
There is a stone staircase leading down here.
Unknown command.
You barely miss the ogre. You headbutt the ogre.
The ogre is lightly wounded.
You block the jelly's attack. You block the ogre's attack.
The jelly hits you but does no damage.
You barely miss the ogre. You headbutt the ogre.
The ogre is moderately wounded.
You block the jelly's attack. You block the ogre's attack.
You hit the ogre but do no damage. You headbutt the ogre!
The ogre is heavily wounded.
The jelly hits you. The acid corrodes you!
You are splashed with acid!
You closely miss the ogre.
The ogre is heavily wounded.
The jelly hits you.
You are splashed with acid!
The ogre hits you with a +0 giant club!!
* * * LOW HITPOINT WARNING * * *
You slash the ogre!
The ogre is almost dead.
You block the jelly's attack.
The ogre hits you with a +0 giant club!!
You die...

# # ##################
#@O.......)#....##
###J.#.............#
#......#####.#......
#...................
##......###..........
#'........+..........
##.....รทรท.#....(.....
#........#..........
#...................


You could see an ogre and a jelly.

Vanquished Creatures
  Prince Ribbit (D:5)
  Grinder (D:3)
  A water moccasin (D:5)
  An orc warrior (D:5)
  A black bear (D:4)
  An ogre (D:5)
  A centaur (D:5)
  A phantom (D:5)
  A hound (D:5)
  An orc priest (D:3)
  2 orc wizards (D:4)
  A hell rat (Sewer)
  A river rat (Sewer)
  5 adders
  A worm (D:2)
  7 dart slugs
  13 orcs
  6 bats
  7 endoplasms
  4 giant cockroaches
  7 goblins
  9 hobgoblins
  5 quokkas
  9 ball pythons
  3 frilled lizards
  12 kobolds
  16 rats
118 creatures vanquished.

Notes
Turn   | Place    | Note
-------+----------+-------------------------------------------
     0 | D:1      | Peloso the Minotaur Fighter began the quest for the Orb.
     0 | D:1      | Reached XP level 1. HP: 19/19 MP: 0/0
   112 | D:1      | Reached XP level 2. HP: 27/27 MP: 1/1
   771 | D:1      | Reached XP level 3. HP: 33/33 MP: 2/2
   792 | D:1      | Reached skill level 3 in Long Blades
  1609 | D:2      | Reached XP level 4. HP: 40/40 MP: 3/3
  1748 | D:3      | Noticed Grinder
  1762 | D:3      | Paralysed by Grinder for 5 turns
  1776 | D:3      | Paralysed by Grinder for 3 turns
  1782 | D:3      | HP: 2/40 [Grinder (2)]
  1785 | D:3      | Killed Grinder
  1786 | D:3      | Reached skill level 4 in Long Blades
  1786 | D:3      | Reached skill level 5 in Armour
  1786 | D:3      | Reached XP level 5. HP: 3/47 MP: 4/4
  1873 | D:3      | Found a runed translucent door.
  1879 | D:3      | Noticed Peloso's ghost (amateur MiFi)
  1890 | D:3      | Found a glowing drain.
  1902 | D:3      | Reached XP level 6. HP: 26/53 MP: 5/5
  1918 | Sewer    | Entered a sewer
  2065 | Sewer    | Reached skill level 5 in Long Blades
  2236 | D:3      | Found a runed translucent door.
  2739 | D:3      | Found a stormy altar of Qazlal.
  2915 | D:4      | Reached skill level 5 in Shields
  2976 | D:4      | Reached skill level 1 in Dodging
  3142 | D:4      | Reached skill level 6 in Long Blades
  3142 | D:4      | Reached XP level 7. HP: 46/60 MP: 6/6
  3255 | D:4      | Found a staircase to the Ecumenical Temple.
  3337 | Temple   | Entered the Ecumenical Temple
  3368 | Temple   | Became a worshipper of Warmaster Okawaru
  3582 | D:5      | Entered Level 5 of the Dungeon
  3582 | D:5      | Found a hide-covered altar of Uskayaw.
  3585 | D:5      | Found a radiant altar of Vehumet.
  3640 | D:5      | Reached skill level 5 in Fighting
  3700 | D:5      | Noticed Prince Ribbit
  3743 | D:5      | Killed Prince Ribbit
  3743 | D:5      | Reached * piety under Okawaru
  3744 | D:5      | Reached skill level 7 in Long Blades
  3777 | D:5      | Reached XP level 8. HP: 62/69 MP: 7/7
  3942 | D:5      | Found a shimmering altar of Xom.
  3944 | D:5      | Found a shimmering blue altar of Sif Muna.
  4085 | D:5      | Reached ** piety under Okawaru
  4116 | D:5      | Slain by an ogre

Illustrated notes

Levels and vault maps discovered:
D:1:      dpeg_arrival_rooms_a, layout_basic
D:2:      layout_loops_cross
D:3:      minmay_inner_zag, layout_basic, nicolae_qazlal_scattered_showers,
          portal_sewer_entry_b, ebering_ghost_sewer_f, chequers_avenue,
          uniq_grinder
D:4:      layout_cave_pools, temple_hall_moat
D:5:      layout_basic, nicolae_overflow_hidden_temple, feat_on_display,
          uniq_prince_ribbit1
D:6:      layout_rooms
Temple:   nicolae_temple_ecumenical_triangle

Skill      XL: |  1  2  3  4  5  6  7 |
---------------+----------------------+-----
Fighting       | 4 5 |  5.7
Armour         | 4 5 6 |  6.5
Shields        | 4 5 6 |  6.7
Long Blades    | 3 4 6 7 |  7.5
Dodging        | 1 2 |  2.2
Stealth        | |  0.2

Action                     |  1- 3 |  4- 6 |  7- 9 || total
---------------------------+-------+-------+-------++-------
  Melee: Long sword        |   119 |   160 |    72 ||   351
         Headbutt          |     9 |    27 |    17 ||    53
    Use: Potion            |     1 |     3 |     1 ||     5
         Scroll            |       |     3 |     3 ||     6
 Armour: Scale mail        |    68 |    47 |       ||   115
         Chain mail        |       |    33 |    30 ||    63
  Dodge: Dodged            |    42 |    36 |    20 ||    98
  Block: Buckler           |    16 |       |       ||    16
         Tower shield      |    48 |   109 |    53 ||   210
